Map: [ESL] Cosmic Sapphire

Players

Rex

  • Race: Zerg Zerg
  • League: Master
  • Spawn Location: 11:00

Creator - Winner!

  • Race: Protoss Protoss
  • Spawn Location: 5:00

Event: TSL 9

VOD

Have the link to the VOD?

Description

Time

  • Played on: July 30, 2022, 6:36 a.m.
  • Length: 10:11

All games in this series

Show
View Real Time Build Order
Export as new Build Order

Rex Zerg 

Build Orders: Hatch First 

Get SALT Encoding   

  12  0:00  Drone  
  13  0:12  Overlord  
  13  0:16  Drone  
  14  0:30  Drone x2  
  16  0:48  Hatchery  
  15  0:51  Drone  
  15  0:55  Drone  
  17  0:58  Drone  
  18  1:09  Extractor  
  17  1:14  Spawning Pool  
  17  1:17  Drone  
  17  1:20  Drone  
  18  1:28  Drone  
  19  1:39  Drone  
  20  1:52  Overlord  
  20  2:02  Queen x2  
  20  2:03  Zergling x4  
  26  2:11  Metabolic Boost  
  26  2:16  Drone x2  
  26  2:21  Drone  
  29  2:23  Drone  
  30  2:39  Hatchery  
  30  2:42  Drone  
  30  2:44  Drone  
  31  2:52  Queen  
  31  2:55  Overlord  
  33  3:00  Drone x2  
  33  3:02  Drone  
  36  3:07  Overlord  
  36  3:15  Drone x4  
  40  3:21  Drone  
  40  3:22  Queen  
  43  3:27  Drone x2  
  43  3:32  Queen  
  47  3:40  Drone x2  
  49  3:43  Drone x3  
  52  3:49  Overlord  
  52  3:50  Overlord  
  52  3:57  Drone  
  52  3:58  Drone  
  52  3:59  Queen  
  55  4:05  Roach Warren, Extractor  
  53  4:11  Overlord  
  53  4:14  Zergling x8  
  53  4:15  Zergling x2  
  53  4:16  Zergling x2  
  58  4:25  Zergling x10  
  58  4:28  Spore Crawler  
  58  4:30  Spore Crawler  
  61  4:33  Spore Crawler  
  60  4:40  Overlord  
  60  4:42  Drone x4  
  64  4:51  Spore Crawler  
  61  4:53  Drone x2  
  61  5:00  Spore Crawler  
  61  5:06  Drone x2  
  60  5:12  Drone  
  60  5:13  Lair  
  58  5:19  Drone x7  
  65  5:26  Drone  
  66  5:30  Roach x2  
  66  5:34  Roach  
  67  5:48  Hatchery  
  66  5:53  Evolution Chamber  
  66  5:54  Drone x2  
  67  5:57  Extractor  
  67  6:00  Drone x2  
  68  6:05  Drone x2, Extractor  
  68  6:08  Drone  
  69  6:12  Drone x2  
  69  6:14  Glial Reconstitution  
  69  6:16  Overlord  
  69  6:26  Zerg Missile Weapons Level 1  
  65  6:38  Roach x6  
  77  6:40  Roach  
  77  6:44  Roach  
  77  6:46  Roach  
  83  6:48  Overlord  
  81  7:03  Roach  
  81  7:04  Roach x3  
  81  7:05  Overlord  
  81  7:06  Overlord  
  89  7:14  Drone x4  
  89  7:15  Drone  
  94  7:16  Ravager  
  94  7:19  Overseer  
  94  7:21  Overlord  
  95  7:26  Overlord  
  95  7:28  Overlord  
  95  7:31  Roach  
  95  7:36  Roach x2  
  93  7:44  Roach  
  93  7:45  Roach  
  93  7:50  Ravager x6  
  93  7:51  Roach  
  105  7:57  Roach  
  105  7:58  Roach x2  
  111  8:01  Roach  
  112  8:09  Roach x3  
  118  8:14  Roach x3  
  124  8:23  Roach x3  
  124  8:26  Drone x2  
  128  8:30  Roach x2  
  132  8:38  Drone x5  
  132  8:40  Drone  
  136  8:48  Roach  
  138  8:49  Overlord x2  
Show
View Real Time Build Order
Export as new Build Order

Creator Protoss - Winner!

Build Orders: 1 Gate Expand, Archon Immortal, Archon Drop, Dark Templar Rush 

Get SALT Encoding   

  12  0:00  Probe  
  13  0:14  Pylon  
  13  0:17  Probe (Chrono Boost)  
  14  0:26  Probe (Chrono Boost)  
  15  0:31  Probe (Chrono Boost)  
  16  0:39  Gateway  
  16  0:43  Probe  
  16  0:48  Assimilator  
  17  0:55  Probe  
  18  1:08  Probe  
  19  1:20  Probe  
  19  1:25  Nexus  
  20  1:34  Cybernetics Core  
  20  1:39  Probe  
  21  1:45  Assimilator  
  21  1:51  Probe  
  22  1:56  Pylon  
  22  2:03  Probe  
  23  2:10  Warp Gate  
  23  2:14  Stalker  
  23  2:15  Probe (Chrono Boost)  
  26  2:25  Probe (Chrono Boost)  
  26  2:26  Twilight Council  
  27  2:30  Probe (Chrono Boost)  
  28  2:37  Probe (Chrono Boost)  
  28  2:44  Adept, Probe (Chrono Boost)  
  30  2:46  Probe (Chrono Boost)  
  30  2:49  Probe (Chrono Boost)  
  34  2:51  Probe (Chrono Boost)  
  34  2:56  Robotics Facility  
  35  3:00  Probe  
  35  3:03  Probe  
  37  3:13  Probe  
  37  3:15  Dark Shrine  
  38  3:20  Gateway  
  38  3:22  Probe  
  38  3:26  Probe  
  40  3:34  Gateway  
  40  3:35  Gateway, Probe  
  40  3:38  Probe  
  42  3:43  Warp Prism (Chrono Boost)  
  44  3:53  Pylon  
  46  3:59  Assimilator  
  46  4:01  Assimilator  
  44  4:03  Adept  
  46  4:11  Probe x2  
  46  4:12  Pylon  
  48  4:18  Pylon  
  48  4:23  Probe x2  
  50  4:32  Dark Templar x3  
  50  4:35  Probe x2  
  58  4:47  Probe x2  
  58  4:50  Dark Templar  
  62  5:00  Nexus  
  62  5:02  Pylon  
  62  5:08  Dark Templar x2  
  64  5:15  Probe  
  64  5:16  Probe  
  66  5:22  Shield Battery  
  66  5:28  Probe x2  
  68  5:30  Immortal (Chrono Boost)  
  72  5:40  Probe x2 (Chrono Boost)  
  72  5:41  Charge  
  72  5:42  Forge, Pylon  
  74  5:47  Archon  
  74  5:51  Shield Battery, Archon  
  74  5:52  Probe (Chrono Boost)  
  74  5:53  Probe (Chrono Boost)  
  76  5:59  Probe  
  76  6:00  Sentry x2, Probe  
  76  6:01  Observer (Chrono Boost), Gateway  
  76  6:02  Gateway  
  76  6:03  Dark Templar  
  85  6:05  Pylon  
  85  6:12  Probe  
  85  6:13  Protoss Ground Weapons Level 1 (Chrono Boost), Probe  
  87  6:24  Immortal (Chrono Boost)  
  87  6:31  Probe x3  
  94  6:39  Gateway  
  94  6:41  Dark Templar, Gateway  
  94  6:42  Gateway  
  94  6:45  Archon  
  96  6:47  Pylon  
  96  6:49  Zealot x3  
  102  6:54  Immortal (Chrono Boost)  
  102  6:58  Probe x3  
  109  7:05  Pylon  
  109  7:06  Pylon  
  109  7:07  Pylon  
  109  7:14  Pylon  
  107  7:24  Nexus  
  107  7:25  Zealot, Dark Templar x2, Pylon  
  113  7:34  Zealot x2  
  115  7:39  Immortal  
  119  7:45  Zealot x4  
  119  7:47  Archon  
  127  7:53  Photon Cannon, Probe x3  
  130  8:00  Dark Templar x2  
  134  8:07  Archon, Dark Templar x2  
  134  8:08  Zealot x3  
  134  8:09  Pylon  
  134  8:12  Archon  
  144  8:13  Zealot  
  144  8:16  Probe  
  144  8:18  Probe  
  148  8:23  Immortal (Chrono Boost)  
  152  8:31  Probe x3  
  155  8:37  Zealot x2  
  155  8:38  Zealot x3  
  165  8:44  Zealot x3  
  171  8:53  Zealot  
  173  8:59  Zealot x3  
Tags
 
Add a new tag
Caveats
  • Supply blocks, unpowered buildings, or Contaminate may cause inaccurate times.
  • Supply counts are checked every 10 seconds.